[Event "Titled Tuesday Blitz March 01 Early 2022"]
[White "Kuzmin, Roman"]
[Black "Mitusov, Semen"]
[WhiteFideId "44134932"]
[BlackFideId "14151049"]
[WhiteElo "1978"]
[BlackElo "2246"]
[Result "1-0"]
[Round "05"]
[TimeControl "180+1"]
[Date "2022.03.01"]
[WhiteClock "0:00:10"]
[BlackClock "0:00:53"]

1. e4 e5 2. Nf3 Qe7 3. Nc3 c6 4. Bc4 d6 5. O-O h6 6. d4 Bg4 7. dxe5 dxe5 8. a4 Nf6 9. b3 Qc7 10. Qd3 Nbd7 11. h3 Bh5 12. a5 Bb4 13. Nh4 O-O-O 14. Bb2 Kb8 15. Nf5 Bg6 16. Ng3 Bxa5 17. Qe2 Bb6 18. Na4 Bd4 19. c3 Bb6 20. Nxb6 Nxb6 21. Bc1 Rd7 22. Be3 Rhd8 23. f3 Ne8 24. Qf2 Nd6 25. Rxa7 Ndxc4 26. bxc4 Kxa7 27. Bxb6+ Kb8 28. Bxc7+ Kxc7 29. Rb1 Kc8 30. Qa7 Rd1+ 31. Rxd1 Rxd1+ 32. Kf2 Rd2+ 33. Ne2 f6 34. Qa8+ Kc7 35. Qf8 Rd7 36. g4 Bf7 37. Qxg7 Bxc4 38. Qxf6 Rd2 39. Qxe5+ Kb6 40. Qf6 Rxe2+ 41. Kg3 Rd2 42. Qxh6 Rd3 43. Qf6 Bb3 44. h4 Kc5 45. h5 Rd7 46. h6 b5 47. Qf5+ Kd6 48. h7 Rd8 49. Qf6+ Kc7 50. h8=Q Rxh8 51. Qxh8 Kb6 52. Qe5 c5 53. g5 b4 54. cxb4 cxb4 55. g6 Bc4 56. g7 b3 57. Qd4+ Kb5 58. Qxc4+ Kxc4 59. g8=Q+ Kc3 60. Qxb3+ Kxb3 61. e5 Kc4 62. e6 Kd4 63. e7 Ke5 64. e8=Q+ 1-0


[Site "https://www.chess.com"]

[Event "Titled Tuesday Blitz March 01 Early 2022"]
[White "Lazavik, Denis"]
[Black "Risteski, Emil"]
[WhiteFideId "13515110"]
[BlackFideId "15005267"]
[WhiteElo "2436"]
[BlackElo "2070"]
[Result "1-0"]
[Round "05"]
[TimeControl "180+1"]
[Date "2022.03.01"]
[WhiteClock "0:00:03"]
[BlackClock "0:00:01"]

1. d4 d6 2. Nf3 Nf6 3. c4 Nbd7 4. Nc3 e5 5. e4 g6 6. g3 Bg7 7. Bg2 O-O 8. O-O exd4 9. Nxd4 a6 10. h3 Re8 11. Be3 Rb8 12. a4 a5 13. b3 Ne5 14. Ra2 Nfd7 15. Rd2 Nc5 16. Ndb5 Ned7 17. Qc2 b6 18. f4 Bb7 19. Bd4 Bxd4+ 20. Rxd4 Na6 21. Qd1 Qe7 22. Re1 Ndc5 23. Nd5 Bxd5 24. cxd5 Qf6 25. Re3 Re7 26. Na7 Nb4 27. Rxb4 axb4 28. Nc6 Rbe8 29. Nxe7+ Rxe7 30. Qd2 Qa1+ 31. Kh2 h5 32. Qxb4 h4 33. gxh4 Qf6 34. Kg3 Kg7 35. Qd2 Re8 36. h5 gxh5 37. Qf2 Kh6 38. Kh2 Rg8 39. Qf3 Qd4 40. e5 dxe5 41. fxe5 Rg6 42. Re2 Kg7 43. e6 fxe6 44. dxe6 Qd6+ 45. Kh1 Qe7 46. Qxh5 Nxb3 47. Qe5+ Kh6 48. Qf4+ Kg7 49. Qe5+ Kh6 50. Qe3+ Kg7 51. Qxb3 Rf6 52. Qc3 1-0


[Site "https://www.chess.com"]

[Event "Titled Tuesday Blitz March 01 Early 2022"]
[White "Li, Ben"]
[Black "Timofeev, Artyom"]
[WhiteFideId "2089980"]
[BlackFideId "4140419"]
[WhiteElo "2267"]
[BlackElo "2583"]
[Result "0-1"]
[Round "05"]
[TimeControl "180+1"]
[Date "2022.03.01"]
[WhiteClock "0:00:03"]
[BlackClock "0:00:17"]

1. d4 d5 2. Nf3 Nf6 3. c4 dxc4 4. Nc3 a6 5. e4 b5 6. e5 Nd5 7. a4 Bb7 8. e6 fxe6 9. Ng5 Nxc3 10. bxc3 Qd7 11. Qg4 e5 12. Qxd7+ Nxd7 13. Ne6 Kf7 14. d5 c6 15. dxc6 Bxc6 16. Nc7 Rc8 17. Nxa6 e6 18. axb5 Bxb5 19. Ra5 Bxa6 20. Rxa6 Be7 21. Ra7 Nb6 22. Be2 Nd5 23. Bd2 Ra8 24. Rxa8 Rxa8 25. O-O Ra2 26. Rd1 Bg5 27. Bxg5 Rxe2 28. Rc1 h6 29. Kf1 Ra2 30. Be3 Kg6 31. h3 Kf5 32. Bc5 h5 33. f3 h4 34. Bf2 g5 35. Be1 Nf4 36. Bf2 Rxf2+ 37. Kg1 Rxg2+ 38. Kh1 Rg3 39. Re1 Rxh3+ 40. Kg1 Rxf3 41. Kh2 Rh3+ 42. Kg1 Rxc3 43. Kh2 Rc2+ 44. Kg1 Rc1 45. Kh2 Rc2+ 46. Kh1 Nd3 47. Rf1+ Ke4 48. Kg1 g4 49. Rf8 Nf4 50. Kh1 Kf3 0-1


[Site "https://www.chess.com"]

[Event "Titled Tuesday Blitz March 01 Early 2022"]
[White "Maatman, Nick"]
[Black "Beerdsen, Thomas"]
[WhiteFideId "1040391"]
[BlackFideId "1030108"]
[WhiteElo "2534"]
[BlackElo "2585"]
[Result "0-1"]
[Round "05"]
[TimeControl "180+1"]
[Date "2022.03.01"]
[WhiteClock "0:00:04"]
[BlackClock "0:01:07"]

1. d4 h6 2. e4 g5 3. c4 Bg7 4. Nc3 c5 5. d5 d6 6. Be3 Bxc3+ 7. bxc3 Nf6 8. h4 Qa5 9. hxg5 Nxe4 10. Bd3 Qxc3+ 11. Kf1 Bf5 12. Ne2 Nd2+ 13. Bxd2 Qxd3 14. Rc1 Nd7 15. Rc3 Qb1 16. Qxb1 Bxb1 17. Rb3 Bxa2 18. Rc3 Ne5 19. Rh4 h5 20. Nc1 Bb1 21. Rb3 Bf5 22. Rxb7 a5 23. Bc3 a4 24. f4 Ng6 25. Bxh8 Nxh4 26. Ba1 Ng6 27. g3 e6 28. dxe6 Bxe6 29. Kf2 Ne7 30. Ne2 Bxc4 31. Nc3 d5 32. f5 Nxf5 0-1


[Site "https://www.chess.com"]

[Event "Titled Tuesday Blitz March 01 Early 2022"]
[White "Madaminov, Mukhiddin"]
[Black "Nur-Mukhametova, Alisa"]
[WhiteFideId "14210703"]
[BlackFideId "54117739"]
[WhiteElo "1916"]
[BlackElo "2015"]
[Result "1-0"]
[Round "05"]
[TimeControl "180+1"]
[Date "2022.03.01"]
[WhiteClock "0:00:09"]
[BlackClock "0:00:03"]

1. d4 Nf6 2. Nc3 d5 3. Bf4 c5 4. e3 e6 5. Nb5 Na6 6. c3 Be7 7. a4 O-O 8. Nf3 Bd7 9. Ne5 Nb8 10. Bd3 a6 11. Na3 Nc6 12. O-O Ne4 13. Bxe4 dxe4 14. Nac4 Nxe5 15. Nxe5 Bc6 16. Nxc6 bxc6 17. dxc5 Bxc5 18. Qc2 Qd3 19. Qxd3 exd3 20. Rfd1 Rfd8 21. b4 Be7 22. e4 g5 23. Be5 f6 24. Bd4 e5 25. Be3 Rab8 26. Rd2 c5 27. bxc5 Rb3 28. Rc1 Ra3 29. c6 Rc8 30. Rxd3 Rxc6 31. Rd7 Kf8 32. g4 Ke8 33. Ra7 Rxa4 34. f3 Ra3 35. Kf2 Raxc3 36. Rxc3 Rxc3 37. Rxa6 Rc2+ 38. Kg3 Rc3 39. Bf2 Kf7 40. Ra7 Ke6 41. Kg2 Rc2 42. Ra6+ Kf7 43. Kg3 Rd2 44. Ra7 Rc2 45. Be3 Rc3 46. Bb6 Ke8 47. Bf2 Rc2 48. Bg1 Rc3 49. Ra6 Rc1 50. Be3 Rc3 51. Bf2 Rc2 52. h3 Rb2 53. Ra7 Rc2 54. Rb7 Rd2 55. Be3 Re2 56. Bg1 Re1 57. Bf2 Re2 58. Rb8+ Kf7 59. Rh8 Kg7 60. Ra8 Kf7 61. Ra7 Rc2 62. Be3 Rc3 63. Bd2 Rc2 64. Bb4 Kg6 65. Bxe7 Rd2 66. Bf8 1-0


[Site "https://www.chess.com"]

[Event "Titled Tuesday Blitz March 01 Early 2022"]
[White "Makarian, Rudik"]
[Black "Goltsev, Dmitry"]
[WhiteFideId "44105681"]
[BlackFideId "24176710"]
[WhiteElo "2486"]
[BlackElo "2273"]
[Result "0-1"]
[Round "05"]
[TimeControl "180+1"]
[Date "2022.03.01"]
[WhiteClock "0:00:01"]
[BlackClock "0:00:16"]

1. e4 e6 2. Nc3 d5 3. d4 Nf6 4. exd5 exd5 5. h3 c6 6. Qf3 Bd6 7. Bd3 h6 8. Nge2 O-O 9. g4 Nh7 10. Be3 Ng5 11. Qg2 Qf6 12. O-O-O Qf3 13. Qf1 Re8 14. h4 Ne4 15. Bxe4 dxe4 16. g5 h5 17. d5 c5 18. Nb5 Bf8 19. Nc7 Bg4 20. Nxe8 Na6 21. Ng1 Qxh1 22. f3 Bxf3 23. Re1 Rxe8 24. Qb5 Qxh4 25. Bd2 Nc7 26. Qd7 Re7 27. Qd8 e3 28. Bc3 Nxd5 29. Nxf3 Qe4 30. Ng1 Nxc3 31. bxc3 h4 32. Qc8 Qg2 33. Kb2 Qxg5 34. Qh3 Qg3 35. Qf1 Qf2 36. Ne2 Qxf1 37. Rxf1 g5 38. Rg1 f6 39. Kb3 Kf7 40. Kc4 b6 41. Kd5 Re5+ 42. Kc4 Ke6 43. Kd3 Bd6 44. c4 Kf5 45. Rf1+ Kg6 46. Rg1 f5 47. Nf4+ Kh6 48. Nd5 f4 49. Nf6 Kg6 50. Ng4 Re6 51. Nh2 Kf5 52. Nf3 Be7 53. Ke2 g4 54. Ne1 h3 55. Nd3 f3+ 56. Kf1 Bh4 57. Rh1 e2+ 0-1


[Site "https://www.chess.com"]

[Event "Titled Tuesday Blitz March 01 Early 2022"]
[White "Makhnev, Denis"]
[Black "Hess, Robert"]
[WhiteFideId "13707647"]
[BlackFideId "2022036"]
[WhiteElo "2957"]
[BlackElo "2827"]
[Result "0-1"]
[Round "05"]
[TimeControl "180+1"]
[Date "2022.03.01"]
[WhiteClock "0:00:04"]
[BlackClock "0:00:20"]

1. d4 g6 2. e4 Bg7 3. Nf3 d6 4. c3 e6 5. a4 Nd7 6. a5 h6 7. Bd3 Ne7 8. Nbd2 O-O 9. O-O e5 10. Re1 exd4 11. cxd4 Nc6 12. Nb3 Nb4 13. Bf1 c5 14. Bf4 Qf6 15. Qd2 g5 16. Bg3 Nc6 17. e5 dxe5 18. dxe5 Qe6 19. Qc3 Re8 20. Bc4 Qg4 21. h3 Qh5 22. Rad1 Ndxe5 23. Nxe5 Nxe5 24. Rc1 g4 25. hxg4 Bxg4 26. Qc2 Nf3+ 27. gxf3 Bxf3 28. Bh2 Qg4+ 29. Bg3 Qh3 30. Rxe8+ Rxe8 31. Bxf7+ Kh8 0-1


[Site "https://www.chess.com"]

[Event "Titled Tuesday Blitz March 01 Early 2022"]
[White "Makhnev, Denis"]
[Black "Vusatiuk, Vladimir"]
[WhiteFideId "13707647"]
[BlackFideId "14118610"]
[WhiteElo "2491"]
[BlackElo "2157"]
[Result "1-0"]
[Round "05"]
[TimeControl "180+1"]
[Date "2022.03.01"]
[WhiteClock "0:00:40"]
[BlackClock "0:00:04"]

1. Nf3 Nf6 2. g3 d5 3. Bg2 g6 4. b4 Bg7 5. Bb2 O-O 6. O-O a5 7. a3 axb4 8. axb4 Rxa1 9. Bxa1 c6 10. Bd4 Na6 11. c3 Nc7 12. d3 Nd7 13. Bxg7 Kxg7 14. Nbd2 e5 15. Qb3 Qe7 16. e4 h6 17. Re1 Re8 18. exd5 cxd5 19. c4 dxc4 20. Nxc4 f6 21. d4 b5 22. Ncd2 Qf7 23. dxe5 Nxe5 24. Nxe5 Qxb3 25. Nxb3 Rxe5 26. Rc1 Re7 27. Nd4 Rd7 28. Bh3 Rxd4 29. Rxc7+ Kf8 30. Rxc8+ Ke7 31. Bf1 Rxb4 32. Rb8 h5 33. Rxb5 Ra4 34. h4 Kf8 35. Rb7 Ra5 36. Bd3 Ra1+ 37. Kg2 f5 38. Bc4 Rc1 39. Rc7 Rc2 40. Kf3 Ke8 41. Bb5+ 1-0


[Site "https://www.chess.com"]

[Event "Titled Tuesday Blitz March 01 Early 2022"]
[White "Maltsevskaya, Aleksandra"]
[Black "Horak, Martin"]
[WhiteFideId "24174041"]
[BlackFideId "367095"]
[WhiteElo "2283"]
[BlackElo "1997"]
[Result "1-0"]
[Round "05"]
[TimeControl "180+1"]
[Date "2022.03.01"]
[WhiteClock "0:01:12"]
[BlackClock "0:00:17"]

1. Nf3 c5 2. g3 Nc6 3. Bg2 g6 4. d3 Bg7 5. O-O Nf6 6. Nbd2 O-O 7. e4 d6 8. h3 Rb8 9. a4 a6 10. Re1 Nd7 11. c3 b5 12. axb5 axb5 13. Nb3 Nde5 14. d4 cxd4 15. Nbxd4 Nxd4 16. Nxd4 Bd7 17. b3 Qc7 18. Bb2 Rfc8 19. Kh2 Nc6 20. Qd2 Nxd4 21. cxd4 Qc2 22. Re2 Qxb3 23. Ra7 Rd8 24. e5 dxe5 25. d5 Be6 26. Bxe5 Bxe5 27. Rxe5 Rd6 28. Rxe7 Rbd8 29. Qh6 Rxd5 30. Bxd5 Bxd5 31. Re8+ 1-0


[Site "https://www.chess.com"]

[Event "Titled Tuesday Blitz March 01 Early 2022"]
[White "Manolache, Marius"]
[Black "Sliwicki, Damian"]
[WhiteFideId "1201530"]
[BlackFideId "1127128"]
[WhiteElo "2389"]
[BlackElo "2084"]
[Result "1-0"]
[Round "05"]
[TimeControl "180+1"]
[Date "2022.03.01"]
[WhiteClock "0:02:22"]
[BlackClock "0:00:20"]

1. d4 Nf6 2. c4 e6 3. e3 d5 4. Nf3 b6 5. Bd3 Bb7 6. cxd5 exd5 7. O-O Bd6 8. Ne5 O-O 9. Nc3 Nbd7 10. f4 c5 11. Bd2 Ne4 12. Be1 Nxc3 13. bxc3 f6 14. Qh5 h6 15. Qg6 fxe5 16. Qh7+ Kf7 17. fxe5+ Ke6 18. Bf5+ Ke7 19. Qxg7+ Rf7 20. Bh4+ Ke8 21. Qg8+ Rf8 22. Bg6# 1-0


[Site "https://www.chess.com"]

[Event "Titled Tuesday Blitz March 01 Early 2022"]
[White "Martin Duque, Jesus"]
[Black "Mkrtchyan, Mariam"]
[WhiteFideId "2208954"]
[BlackFideId "13310828"]
[WhiteElo "2243"]
[BlackElo "1984"]
[Result "0-1"]
[Round "05"]
[TimeControl "180+1"]
[Date "2022.03.01"]
[WhiteClock "0:00:59"]
[BlackClock "0:00:50"]

1. c4 g6 2. g3 Bg7 3. Bg2 d6 4. d4 Nd7 5. Nf3 e5 6. Nc3 Ne7 7. O-O O-O 8. Bg5 h6 9. Be3 Nf5 10. Qd2 Nxe3 11. fxe3 c6 12. d5 c5 13. e4 a6 14. Ne1 Rb8 15. a4 f5 16. exf5 gxf5 17. e4 f4 18. Nd3 Qe7 19. gxf4 exf4 20. Rxf4 Ne5 21. Rxf8+ Qxf8 22. Rf1 Qe8 23. Nxe5 Qxe5 24. Qf4 Qxf4 25. Rxf4 Bd7 26. Bf3 b5 27. axb5 axb5 28. cxb5 Bxb5 29. Bg4 Bd3 30. Be6+ Kh8 31. Nd1 Be2 32. Ne3 Bd4 33. Kf2 Rxb2 34. Rf8+ Kg7 35. Rg8+ Kf6 36. Rf8+ Ke7 37. Rf7+ Ke8 38. Rd7 Bb5+ 39. Kf3 Bxd7 0-1


[Site "https://www.chess.com"]

[Event "Titled Tuesday Blitz March 01 Early 2022"]
[White "Martinez, Shawn"]
[Black "Araujo Filho, Luiz Antonio Coel"]
[WhiteFideId "2039770"]
[BlackFideId "2130661"]
[WhiteElo "2174"]
[BlackElo "2160"]
[Result "0-1"]
[Round "05"]
[TimeControl "180+1"]
[Date "2022.03.01"]
[WhiteClock "0:00:40"]
[BlackClock "0:00:09"]

1. e4 c6 2. d4 d5 3. exd5 cxd5 4. Nf3 Nf6 5. Ne5 Nc6 6. Bb5 Bd7 7. Nxd7 Qxd7 8. c3 a6 9. Bd3 e6 10. O-O Be7 11. Nd2 O-O 12. Re1 b5 13. Re3 b4 14. Rh3 a5 15. Bxh7+ Nxh7 16. Qh5 f6 17. Qxh7+ Kf7 18. Qh5+ g6 19. Qh7+ Ke8 20. Qxg6+ Kd8 21. Nf3 Bd6 22. Rh7 Qe8 23. Qxe8+ Rxe8 24. Bd2 bxc3 25. Bxc3 Rb8 26. Re1 Nb4 27. a3 Nd3 28. Re2 Re7 29. Rh8+ Re8 30. Rxe8+ Kxe8 31. Rxe6+ Kd7 32. Rxf6 Nxb2 33. g4 Nc4 34. a4 Rb3 35. Be1 Bb4 36. Bxb4 axb4 37. g5 Ke7 38. Rf5 Rc3 39. g6 Nd6 40. g7 Rc8 41. Re5+ Kf7 42. Rxd5 b3 43. Rxd6 b2 44. Nd2 Rc2 45. Nb1 Rc1+ 46. Kg2 Rxb1 47. Rd7+ Kg8 48. Rb7 Rd1 49. a5 b1=Q 50. Rxb1 Rxb1 51. Kf3 Ra1 52. Ke4 Rxa5 53. f4 Kxg7 54. f5 Kf6 55. h4 Ra8 56. Kd5 Rh8 57. Kc6 Kxf5 58. d5 Ke5 59. d6 Ke6 60. d7 Rd8 61. h5 Rxd7 62. h6 Rh7 63. Kc5 Rxh6 64. Kd4 Kd6 65. Ke4 Rh5 66. Kf3 Rc5 67. Kf4 Ke6 68. Kg4 Kf6 69. Kf4 Rc4+ 70. Ke3 Ke5 71. Kd3 Rh4 72. Kc3 Kd5 73. Kd2 Ke4 74. Ke2 Rh2+ 75. Kf1 Kf3 76. Kg1 Ra2 77. Kh1 Kg3 78. Kg1 Ra1# 0-1


[Site "https://www.chess.com"]

[Event "Titled Tuesday Blitz March 01 Early 2022"]
[White "Matinian, Nikita"]
[Black "Rodchenkov, Sergey D."]
[WhiteFideId "24129100"]
[BlackFideId "4168712"]
[WhiteElo "2422"]
[BlackElo "2306"]
[Result "1-0"]
[Round "05"]
[TimeControl "180+1"]
[Date "2022.03.01"]
[WhiteClock "0:00:19"]
[BlackClock "0:00:03"]

1. e4 c5 2. Nc3 d6 3. f4 g6 4. Nf3 Bg7 5. Bb5+ Bd7 6. Bc4 Nc6 7. d3 e6 8. f5 Nf6 9. fxe6 fxe6 10. Bf4 Qe7 11. O-O O-O 12. Qd2 Ng4 13. Bg5 Bf6 14. Bxf6 Rxf6 15. h3 Nge5 16. Nxe5 dxe5 17. Rxf6 Qxf6 18. Rf1 Qh4 19. Nb5 Rf8 20. Rxf8+ Kxf8 21. Qe3 b6 22. a4 Ke7 23. c3 Qf4 24. Qf2 Qc1+ 25. Kh2 Qf4+ 26. Qg3 h5 27. h4 Qxg3+ 28. Kxg3 a6 29. Nc7 a5 30. Kf3 Nd8 31. g4 Bxa4 32. Na8 Bd1+ 33. Kg3 Bxg4 34. Nxb6 Kd6 35. Bb3 Nc6 36. Nc4+ Kc7 37. Kf2 g5 38. hxg5 Ne7 39. Nxe5 Kd6 40. Nc4+ Kc7 41. Nxa5 Ng6 42. Nc4 h4 43. Ne3 Bh3 44. Bc4 Ne5 45. b4 cxb4 46. cxb4 Kd6 47. d4 Nxc4 48. Nxc4+ Kc6 49. g6 e5 50. Nxe5+ Kb5 51. d5 Bg2 52. Kxg2 1-0


[Site "https://www.chess.com"]

[Event "Titled Tuesday Blitz March 01 Early 2022"]
[White "Matveeva, Olga"]
[Black "Di Nicolantonio, Lucas"]
[WhiteFideId "24107018"]
[BlackFideId "680460"]
[WhiteElo "2083"]
[BlackElo "2381"]
[Result "0-1"]
[Round "05"]
[TimeControl "180+1"]
[Date "2022.03.01"]
[WhiteClock "0:00:36"]
[BlackClock "0:00:23"]

1. d4 Nf6 2. c4 e6 3. g3 d5 4. Nf3 dxc4 5. Bg2 Nc6 6. O-O Rb8 7. e3 Be7 8. Nfd2 e5 9. Bxc6+ bxc6 10. dxe5 Nd5 11. Nxc4 h5 12. Qc2 Be6 13. Nbd2 h4 14. Nf3 Nb4 15. Qe4 hxg3 16. fxg3 Qd5 17. Ncd2 g6 18. a3 Nd3 19. b4 Bf5 20. Qxd5 cxd5 21. Nb3 Be4 22. Nbd4 Rb6 23. Bd2 g5 24. e6 fxe6 25. Ne5 Nxe5 0-1


[Site "https://www.chess.com"]

[Event "Titled Tuesday Blitz March 01 Early 2022"]
[White "Maung, Maung Kyaw Zaw Hein"]
[Black "Janaszak, Dawid"]
[WhiteFideId "13001698"]
[BlackFideId "1119206"]
[WhiteElo "1785"]
[BlackElo "2199"]
[Result "0-1"]
[Round "05"]
[TimeControl "180+1"]
[Date "2022.03.01"]
[WhiteClock "0:00:01"]
[BlackClock "0:00:19"]

1. Nf3 e6 2. c4 f5 3. Nc3 Nf6 4. g3 Be7 5. Bg2 O-O 6. O-O Qe8 7. b3 Qh5 8. Bb2 d6 9. d4 Ne4 10. Qc2 Nxc3 11. Bxc3 Nd7 12. Rad1 Nf6 13. Rfe1 Ne4 14. Bb2 c6 15. Nd2 d5 16. Nxe4 fxe4 17. f3 Bg5 18. Rf1 exf3 19. exf3 Bd7 20. f4 Bf6 21. Rfe1 Rae8 22. Re2 e5 23. dxe5 Bg4 24. Red2 Bxd1 25. Rxd1 Bd8 26. cxd5 Bb6+ 27. Kh1 cxd5 28. Bxd5+ Kh8 29. Bxb7 Rd8 30. Bd5 Rc8 31. Qd2 Rfd8 32. Ba3 Be3 33. Qd3 Bc5 34. Bb2 Bf2 35. Kg2 Bb6 36. Rd2 Qh6 37. Ba3 Bc5 38. Bxc5 Rxc5 39. Qe4 Qb6 40. e6 Qd6 41. e7 Re8 42. Re2 Rxd5 43. f5 Rd2 0-1


[Site "https://www.chess.com"]

[Event "Titled Tuesday Blitz March 01 Early 2022"]
[White "Mikhailov, Viacheslav"]
[Black "Shvedova, Alexandra"]
[WhiteFideId "4187369"]
[BlackFideId "54154782"]
[WhiteElo "2381"]
[BlackElo "1920"]
[Result "1-0"]
[Round "05"]
[TimeControl "180+1"]
[Date "2022.03.01"]
[WhiteClock "0:00:09"]
[BlackClock "0:00:07"]

1. c4 e6 2. g3 Nf6 3. Bg2 d5 4. Nf3 dxc4 5. O-O a6 6. a4 Nc6 7. Qc2 Na5 8. Na3 Bxa3 9. Rxa3 O-O 10. Rd1 b5 11. axb5 axb5 12. Ne5 Bb7 13. d3 Bxg2 14. dxc4 Qe7 15. Kxg2 Qc5 16. Qc3 Ne4 17. Qd4 Qxd4 18. Rxd4 Nd6 19. c5 Nf5 20. Rd7 b4 21. Ra4 Nb3 22. Rxa8 Rxa8 23. Bf4 Rc8 24. Nd3 c6 25. g4 Nh4+ 26. Kg3 Ng6 27. Bd6 Nd4 28. e3 Nc2 29. h4 Nf8 30. Rb7 f6 31. Nxb4 Nxb4 32. Bxf8 Kxf8 33. Rxb4 Rc7 34. Rb6 Ke7 35. b4 Kd7 36. Kf4 Ra7 37. Ke4 Ra2 38. Rb7+ Kc8 39. Rxg7 Rxf2 40. Rxh7 Rb2 41. h5 Rxb4+ 42. Kf3 Rc4 43. Rg7 Rxc5 44. h6 Rc1 45. h7 Rh1 46. Rg8+ Kd7 47. h8=Q 1-0


[Site "https://www.chess.com"]

[Event "Titled Tuesday Blitz March 01 Early 2022"]
[White "Mirzoev, Azer"]
[Black "Sarana, Alexey"]
[WhiteFideId "13400304"]
[BlackFideId "24133795"]
[WhiteElo "2525"]
[BlackElo "2665"]
[Result "0-1"]
[Round "05"]
[TimeControl "180+1"]
[Date "2022.03.01"]
[WhiteClock "0:00:01"]
[BlackClock "0:00:21"]

1. d4 Nf6 2. Nf3 d5 3. Bf4 c5 4. c3 Nc6 5. e3 Qb6 6. Qc2 g6 7. Nbd2 Bg7 8. h3 O-O 9. Be2 Bf5 10. Qb3 c4 11. Qxb6 axb6 12. O-O b5 13. a3 Nd7 14. g4 Be6 15. Ng5 Nb6 16. Nxe6 fxe6 17. Rab1 e5 18. Bg3 exd4 19. exd4 e5 20. dxe5 Nxe5 21. Rfd1 Nc6 22. Nf3 Rf7 23. Kf1 Raf8 24. Kg2 Re8 25. Bf1 Rd7 26. Re1 Red8 27. Bh4 Rf8 28. Rbd1 Na4 29. Re2 Bxc3 30. bxc3 Nxc3 31. Rdd2 Nxe2 32. Bxe2 d4 33. Rb2 d3 34. Bd1 c3 35. Rxb5 c2 36. Bxc2 dxc2 37. Rc5 Rc7 38. Ne1 Rd7 39. Nxc2 Rd3 40. Nb4 Nxb4 41. axb4 h6 42. Bg3 Rd7 43. b5 Rf6 44. h4 Kf7 45. g5 Rf5 46. Rxf5+ gxf5 47. gxh6 Kg6 48. Bf4 Rd4 49. Be3 Rxh4 50. b6 f4 51. Bd4 Rxh6 52. Kf3 Kf5 53. Bc5 Rh3+ 54. Ke2 Rc3 55. Bd4 Rb3 56. f3 Ke6 57. Bf2 Kd5 58. Bg1 Rb1 59. Bf2 Rb2+ 60. Kf1 Kc4 61. Bg1 Kd3 62. Bf2 Rb1+ 63. Kg2 Ke2 64. Bd4 Rb3 65. Be5 Rxf3 66. Bc7 Rg3+ 67. Kh2 Kf3 68. Kh1 Rg6 69. Bb8 Rh6+ 70. Kg1 Rh7 71. Bc7 Rh6 72. Bb8 Rxb6 0-1


[Site "https://www.chess.com"]

[Event "Titled Tuesday Blitz March 01 Early 2022"]
[White "Mohammad Fahad, Rahman"]
[Black "Suder, Jakub"]
[WhiteFideId "10207791"]
[BlackFideId "1195310"]
[WhiteElo "2323"]
[BlackElo "2058"]
[Result "1-0"]
[Round "05"]
[TimeControl "180+1"]
[Date "2022.03.01"]
[WhiteClock "0:01:56"]
[BlackClock "0:01:58"]

1. Nf3 d5 2. b3 Nf6 3. Bb2 e6 4. e3 Be7 5. c4 O-O 6. Be2 b6 7. O-O Bb7 8. Nc3 a6 9. d4 Nbd7 10. Qc2 Ne4 11. Nxe4 dxe4 12. Nd2 f5 13. f3 exf3 14. Bxf3 Bxf3 15. Nxf3 Bd6 16. e4 c6 17. Rae1 Bb4 18. Re2 Nf6 19. exf5 exf5 20. Qxf5 b5 21. Qe6+ Kh8 22. Ne5 Qc7 23. Qxc6 Qa7 24. c5 Rae8 25. Ref2 1-0


[Site "https://www.chess.com"]

[Event "Titled Tuesday Blitz March 01 Early 2022"]
[White "Moreira, Ronaldo Alonso"]
[Black "Jakubowska, Anna"]
[WhiteFideId "2110547"]
[BlackFideId "1121952"]
[WhiteElo "2037"]
[BlackElo "1924"]
[Result "0-1"]
[Round "05"]
[TimeControl "180+1"]
[Date "2022.03.01"]
[WhiteClock "0:00:03"]
[BlackClock "0:02:11"]

1. d4 f5 2. g3 g6 3. b3 Bg7 4. Bb2 c5 5. Bg2 Nc6 6. e3 cxd4 7. exd4 Nf6 8. Nf3 O-O 9. O-O d6 10. Re1 e5 11. dxe5 Ng4 12. Nbd2 Ngxe5 13. Nxe5 dxe5 14. Nc4 e4 15. Bxg7 Kxg7 16. Qc1 Be6 17. Qb2+ Qf6 18. Qxf6+ Kxf6 19. Bf1 Rfd8 20. Rad1 Nd4 21. Kg2 Nxc2 22. Rxd8 Nxe1+ 0-1


[Site "https://www.chess.com"]

[Event "Titled Tuesday Blitz March 01 Early 2022"]
[White "Mosadeghpour, Masoud"]
[Black "De Silva, L M S T"]
[WhiteFideId "12519278"]
[BlackFideId "9953698"]
[WhiteElo "2395"]
[BlackElo "1631"]
[Result "1-0"]
[Round "05"]
[TimeControl "180+1"]
[Date "2022.03.01"]
[WhiteClock "0:00:12"]
[BlackClock "0:00:55"]

1. e4 e5 2. Nf3 Nc6 3. Bb5 a6 4. Ba4 Nf6 5. O-O Be7 6. Re1 b5 7. Bb3 O-O 8. d4 d6 9. c3 Bg4 10. d5 Na5 11. Bc2 c6 12. h3 Bxf3 13. Qxf3 cxd5 14. exd5 Ne8 15. a4 Nb7 16. axb5 axb5 17. Rxa8 Qxa8 18. Qd3 f5 19. Qxb5 Nc5 20. b4 Nc7 21. Qc6 Qxc6 22. dxc6 N5e6 23. Bb3 Kf7 24. Na3 Kf6 25. Nc4 Rb8 26. Be3 Nb5 27. Nb6 Re8 28. Nd5+ Kf7 29. Ra1 Rc8 30. Bc4 f4 31. Bxb5 fxe3 32. fxe3 Nd8 33. Ra7 Nxc6 34. Bxc6 Rxc6 35. Rxe7+ Kg8 36. Rc7 Ra6 37. b5 Ra1+ 38. Kh2 Rb1 39. b6 h5 40. b7 Kh7 41. Nf6+ Kh6 42. Nd7 h4 43. b8=Q g5 44. Qxb1 1-0


[Site "https://www.chess.com"]

[Event "Titled Tuesday Blitz March 01 Early 2022"]
[White "Moskvin, Anatoly"]
[Black "Kejzar, Petra"]
[WhiteFideId "24199990"]
[BlackFideId "14610213"]
[WhiteElo "2079"]
[BlackElo "2006"]
[Result "1-0"]
[Round "05"]
[TimeControl "180+1"]
[Date "2022.03.01"]
[WhiteClock "0:00:06"]
[BlackClock "0:00:03"]

1. e4 c5 2. Nf3 e6 3. b4 cxb4 4. d4 d5 5. e5 f6 6. a3 Nc6 7. Bd3 fxe5 8. dxe5 bxa3 9. c3 Nh6 10. h4 Nf5 11. g4 Nh6 12. Rg1 Nf7 13. Bf4 Be7 14. h5 Qa5 15. Qc2 d4 16. Bxh7 dxc3 17. Bg6 Nb4 18. Bxf7+ Kxf7 19. Qg6+ Kf8 20. Rxa3 c2 21. Rxa5 cxb1=Q+ 22. Qxb1 Nd5 23. Bd2 b6 24. Ra1 Bb7 25. Nd4 Kf7 26. Qg6+ Kg8 27. Nxe6 1-0


[Site "https://www.chess.com"]

[Event "Titled Tuesday Blitz March 01 Early 2022"]
[White "Muradov, Soltan"]
[Black "Urbina Perez, Juan Antonio"]
[WhiteFideId "14002108"]
[BlackFideId "2217368"]
[WhiteElo "1854"]
[BlackElo "2192"]
[Result "0-1"]
[Round "05"]
[TimeControl "180+1"]
[Date "2022.03.01"]
[WhiteClock "0:00:16"]
[BlackClock "0:01:17"]

1. d4 d5 2. Nf3 Nf6 3. Bf4 c6 4. e3 Qb6 5. Qc1 Bf5 6. Nbd2 e6 7. Bd3 Bxd3 8. cxd3 Nbd7 9. O-O Be7 10. Qc2 O-O 11. Ne5 Nxe5 12. dxe5 Nd7 13. Nf3 c5 14. d4 cxd4 15. exd4 Rac8 16. Qd2 Qb4 17. Rac1 Qxd2 18. Bxd2 Nb6 19. Ne1 Rxc1 20. Bxc1 Rc8 21. Bd2 Na4 22. b3 Nb6 23. f4 f6 24. Rf3 fxe5 25. fxe5 Rf8 26. Kf2 Rxf3+ 27. gxf3 Nd7 28. Nd3 b6 29. Bb4 Bd8 30. Bd6 Kf7 31. Nb4 Bh4+ 32. Ke2 Bg5 33. Nc6 a6 34. f4 Bh4 35. Nb4 a5 36. Nc6 Ke8 37. a4 g6 38. h3 Bg3 39. Ke3 Bh4 40. Kf3 h5 41. Ke3 Bg3 42. Kf3 Bh2 43. Nd8 Kxd8 0-1


[Site "https://www.chess.com"]

[Event "Titled Tuesday Blitz March 01 Early 2022"]
[White "Murzin, Volodar"]
[Black "Dubov, Daniil"]
[WhiteFideId "44155573"]
[BlackFideId "24126055"]
[WhiteElo "2585"]
[BlackElo "2791"]
[Result "1-0"]
[Round "05"]
[TimeControl "180+1"]
[Date "2022.03.01"]
[WhiteClock "0:00:12"]
[BlackClock "0:00:03"]

1. e4 g6 2. Nf3 Bg7 3. d4 d6 4. Bc4 e6 5. O-O Ne7 6. Nbd2 O-O 7. Re1 Nbc6 8. c3 e5 9. dxe5 Nxe5 10. Nxe5 Bxe5 11. Nf3 Bg7 12. Bg5 h6 13. Bh4 Be6 14. Bxe6 fxe6 15. e5 d5 16. Nd4 Qd7 17. Bxe7 Qxe7 18. Qg4 Qf7 19. Nxe6 h5 20. Qh3 Qxf2+ 21. Kh1 Rf5 22. Nd4 Rf4 23. Qe6+ Kh7 24. Qxd5 c6 25. Qd6 Raf8 26. g3 Rg4 27. Re2 Qf7 28. e6 Qf6 29. Qc7 h4 30. e7 Re8 31. Qd7 Rxd4 32. cxd4 Qf3+ 33. Rg2 Rxe7 34. Qxe7 h3 35. Qh4+ 1-0


[Site "https://www.chess.com"]